Kings vs Panthers

Created - February 6 2011 at 12:57

Goals
1 2 3 T
Kings 1 4 2 7
Panthers 0 2 1 3
Shots
1 2 3 T
Kings 9 20 5 34
Panthers 5 6 10 21

Period #1

1. Kings , Craig Adams 5 (Bryan Allen, Darroll Powe) at 13:28

Penalties :
Greg Zanon (FLA) for Hooking (Minor) at 0:48, Ruslan Fedotenko (LOS) for Hooking (Minor) at 9:11, Bryan Allen (LOS) for Hooking (Minor) at 14:16, Steve Downie (FLA) for Hooking (Minor) at 17:13

Period #2

2. Kings , Matt Duchene 12 (Michael Frolik, Martin Skoula) at 0:34
3. Panthers , Marc-Andre Bergeron 6 (Anze Kopitar) at 1:07 (PP)
4. Panthers , Mikael Samuelsson 19 (Ryan Smyth, Greg Zanon) at 6:50
5. Kings , Jamie McBain 7 (Sean Bergenheim, Matt Duchene) at 8:07 (PP)
6. Kings , Matt Duchene 13 (Martin Skoula, Sean Bergenheim) at 9:20 (SH)
7. Kings , Bryan Allen 5 (Michael Frolik, Darroll Powe) at 19:45 (PP)

Penalties :
Ruslan Fedotenko (LOS) for Roughing (Minor) at 1:05, Steve Downie (FLA) for Holding (Minor) at 4:06, Ryan Smyth (FLA) for Hooking (Minor) at 7:55, Michael Del Zotto (LOS) for Holding (Minor) at 8:59, Mike Mottau (FLA) for Interference (Minor) at 12:14, Jay Pandolfo (LOS) for Slashing (Minor) at 16:55, Brad Stuart (FLA) for Cross-checking (Minor) at 19:14, Mike Mottau (FLA) for Interference (Minor) at 19:33

Period #3

8. Panthers , Mike Mottau 6 (Rich Peverley, Brad Stuart) at 4:02 (PP)
9. Kings , Craig Conroy 8 (Matt Duchene, Sean Bergenheim) at 8:05 (PP)
10. Kings , Jamie McBain 8 (Michael Frolik, Sean Bergenheim) at 16:36 (PP)

Penalties :
Jay Pandolfo (LOS) for Holding (Minor) at 2:20, Mikael Samuelsson (FLA) for Hooking (Minor) at 6:35, Bryan Allen (LOS) for Cross-checking (Minor) at 9:15, Anze Kopitar (FLA) for Hooking (Minor) at 16:28, Martin Skoula (LOS) for Slashing (Minor) at 16:59

Goalie Stats

Nikolai Khabibulin (LOS), 18 saves from 21 shots - (0.857), W, 12-26-1, 60:00 minutes
Niklas Backstrom (FLA), 24 saves from 29 shots - (0.828), L, 22-11-2, 39:45 minutes
Evgeni Nabokov (FLA), 3 saves from 5 shots - (0.600), 20:15 minutes

Players Stats

Kings
Player Name              G  A  P  +/- PIM S  H  SB FO    MP 
------------------------------------------------------------
Bryan Allen              1  1  2   1  4   1  3  2  0/0   20 
Cory Sarich              0  0  0   0  0   0  0  2  0/0   6  
Craig Adams              1  0  1   1  0   4  2  0  5/11  21 
Craig Conroy             1  0  1  -1  0   2  0  1  9/13  17 
Darroll Powe             0  2  2   1  0   3  2  0  8/19  16 
Ethan Moreau             0  0  0   1  0   1  0  0  1/1   16 
Evgeny Artyukhin         0  0  0  -1  0   3  0  0  1/1   12 
Jamie McBain             2  0  2   2  0   4  2  2  0/0   20 
Jay Pandolfo             0  0  0   0  4   0  0  0  1/1   10 
Kent Huskins             0  0  0   1  0   1  1  0  0/0   11 
Martin Skoula            0  2  2   2  2   0  1  0  0/0   22 
Matt Duchene             2  2  4   2  0   8  1  0  11/23 23 
Michael Del Zotto        0  0  0  -1  2   0  2  0  0/0   18 
Michael Frolik           0  3  3   1  0   3  0  0  0/1   16 
Mike Lundin              0  0  0  -1  0   1  0  0  0/0   14 
Ruslan Fedotenko         0  0  0  -1  4   2  0  0  0/1   18 
Sean Bergenheim          0  4  4   2  0   0  0  0  3/5   18 
Sergei Samsonov          0  0  0   0  0   1  2  0  4/11  7  
Panthers
Player Name              G  A  P  +/- PIM S  H  SB FO    MP 
------------------------------------------------------------
Andrew Brunette          0  0  0  -2  0   0  0  0  0/0   17 
Anze Kopitar             0  1  1  -1  2   3  4  0  12/17 19 
Brad Stuart              0  1  1   0  2   1  0  3  0/0   23 
Brian Rafalski           0  0  0  -1  0   3  0  2  0/0   22 
Chad Larose              0  0  0   0  0   2  2  1  0/0   14 
Christopher Higgins      0  0  0   0  0   1  0  0  2/8   15 
Craig Rivet              0  0  0   0  0   0  1  0  0/0   9  
Frans Nielsen            0  0  0   0  0   0  1  0  10/21 15 
Greg Zanon               0  1  1   0  2   1  0  0  0/0   19 
Joel Ward                0  0  0   0  0   0  0  0  1/1   13 
Marc-Andre Bergeron      1  0  1   0  0   2  1  0  0/0   18 
Maxim Afinogenov         0  0  0  -2  0   1  0  0  1/2   17 
Maxim Lapierre           0  0  0   0  0   1  2  0  6/9   8  
Mikael Samuelsson        1  0  1   0  2   1  2  0  0/0   14 
Mike Mottau              1  0  1  -2  4   2  1  2  0/0   20 
Rich Peverley            0  1  1  -1  0   2  0  0  11/26 15 
Ryan Smyth               0  1  1   0  2   1  1  0  1/2   14 
Steve Downie             0  0  0  -1  4   0  1  0  0/1   16 

3 Stars

1 - Matt Duchene (LOS)
2 - Jamie McBain (LOS)
3 - Sean Bergenheim (LOS)

Power Play

Kings - 4 on 9 Attempt(s) - 44.44%
Panthers - 2 on 8 Attempt(s) - 25.00%

Penalty Kill

Kings - 6 on 8 Attempt(s) - 75.00% - Score 1 goal in Penalty Kill
Panthers - 5 on 9 Attempt(s) - 55.56% - Score 0 goal in Penalty Kill

Game Notes

Kent Huskins is injured at 10:08 of 2nd period (Left Leg)
Evgeni Nabokov enters game at 19:45 of 2nd period

Finance

Level 1 -- Attendance: 5989 (99.82%) -- Ticket Income $527,032.00
Level 2 -- Attendance: 5000 (100.00%) -- Ticket Income $190,000.00
Level 3 -- Attendance: 3500 (100.00%) -- Ticket Income $98,000.00
Level 4 -- Attendance: 2612 (69.65%) -- Ticket Income $47,016.00
Luxury Box -- Attendance: 1000 (100.00%) -- Ticket Income $188,000.00
Game was played at the BankAtlantic Center
Total Attendance: 18101 (94.03%)
Total Ticket Income: $1,071,575.00
Other Income: $209,013.90
Total Income: $1,280,589.00


Play by Play

Period #1

0:01 of 1st period - Anze Kopitar wins face-off versus Matt Duchene in neutral zone.
0:26 of 1st period - Icing by Jamie McBain.
0:27 of 1st period - Ryan Smyth wins face-off versus Matt Duchene in Kings zone.
0:31 of 1st period - Icing by Martin Skoula.
0:32 of 1st period - Matt Duchene wins face-off versus Frans Nielsen in Kings zone.
0:40 of 1st period - Sean Bergenheim is hit by Marc-Andre Bergeron and loses puck.
0:47 of 1st period - Shot by Matt Duchene.
0:47 of 1st period - Stopped by Niklas Backstrom without a rebound.
0:48 of 1st period - Darroll Powe wins face-off versus Rich Peverley in Panthers zone.
0:48 of 1st period - Minor Penalty to Greg Zanon for Hooking.
0:49 of 1st period - Darroll Powe wins face-off versus Frans Nielsen in Panthers zone.
2:00 of 1st period - Shot by Matt Duchene.
2:00 of 1st period - Shot Blocked by Brad Stuart.
2:02 of 1st period - Shot by Sean Bergenheim.
2:02 of 1st period - Shot Misses the Net.
2:04 of 1st period - Shot by Jamie McBain.
2:04 of 1st period - Stopped by Niklas Backstrom without a rebound.
2:05 of 1st period - Christopher Higgins wins face-off versus Michael Frolik in Panthers zone.
2:52 of 1st period - Off-side.
2:53 of 1st period - Craig Conroy wins face-off versus Rich Peverley in neutral zone.
3:03 of 1st period - Shot by Craig Conroy.
3:03 of 1st period - Stopped by Niklas Backstrom without a rebound.
3:04 of 1st period - Anze Kopitar wins face-off versus Darroll Powe in Panthers zone.
3:04 of 1st period - Anze Kopitar is hit by Craig Adams.
3:17 of 1st period - Maxim Afinogenov is hit by Bryan Allen and loses puck.
3:36 of 1st period - Shot by Darroll Powe.
3:36 of 1st period - Stopped by Niklas Backstrom without a rebound.
3:37 of 1st period - Craig Conroy wins face-off versus Frans Nielsen in Panthers zone.
4:38 of 1st period - Off-side.
4:39 of 1st period - Rich Peverley wins face-off versus Darroll Powe in neutral zone.
5:21 of 1st period - Icing by Greg Zanon.
5:22 of 1st period - Matt Duchene wins face-off versus Rich Peverley in Panthers zone.
5:37 of 1st period - Shot by Matt Duchene.
5:37 of 1st period - Shot Misses the Net.
5:41 of 1st period - Shot by Sean Bergenheim.
5:41 of 1st period - Shot Misses the Net.
5:50 of 1st period - Icing by Greg Zanon.
5:51 of 1st period - Craig Conroy wins face-off versus Rich Peverley in Panthers zone.
5:52 of 1st period - Shot by Ruslan Fedotenko.
5:52 of 1st period - Stopped by Niklas Backstrom with a rebound.
6:12 of 1st period - Shot by Evgeny Artyukhin.
6:12 of 1st period - Stopped by Niklas Backstrom without a rebound.
6:13 of 1st period - Darroll Powe wins face-off versus Anze Kopitar in Panthers zone.
6:24 of 1st period - Bryan Allen is hit by Anze Kopitar and loses puck.
6:36 of 1st period - Ethan Moreau is hit by Anze Kopitar and loses puck.
6:41 of 1st period - Ethan Moreau is hit by Anze Kopitar and loses puck.
8:10 of 1st period - Shot by Michael Frolik.
8:10 of 1st period - Shot Misses the Net.
8:12 of 1st period - Shot by Sean Bergenheim.
8:12 of 1st period - Shot Misses the Net.
8:16 of 1st period - Shot by Matt Duchene.
8:16 of 1st period - Stopped by Niklas Backstrom with a rebound.
8:20 of 1st period - Shot by Sean Bergenheim.
8:20 of 1st period - Shot Misses the Net.
8:22 of 1st period - Shot by Matt Duchene.
8:22 of 1st period - Stopped by Niklas Backstrom without a rebound.
8:23 of 1st period - Anze Kopitar wins face-off versus Sergei Samsonov in Panthers zone.
8:39 of 1st period - Icing by Cory Sarich.
8:40 of 1st period - Sergei Samsonov wins face-off versus Frans Nielsen in Kings zone.
9:08 of 1st period - Icing by Christopher Higgins.
9:09 of 1st period - Frans Nielsen wins face-off versus Craig Conroy in Panthers zone.
9:11 of 1st period - Minor Penalty to Ruslan Fedotenko for Hooking.
9:12 of 1st period - Rich Peverley wins face-off versus Sean Bergenheim in Kings zone.
9:21 of 1st period - Shot by Mike Mottau.
9:21 of 1st period - Stopped by Nikolai Khabibulin without a rebound.
9:22 of 1st period - Anze Kopitar wins face-off versus Sean Bergenheim in Kings zone.
9:55 of 1st period - Shot by Brian Rafalski.
9:55 of 1st period - Stopped by Nikolai Khabibulin with a rebound.
10:58 of 1st period - Icing by Brian Rafalski.
10:59 of 1st period - Anze Kopitar wins face-off versus Craig Adams in Panthers zone.
11:11 of 1st period - Icing by Ryan Smyth.
11:12 of 1st period - Maxim Lapierre wins face-off versus Ruslan Fedotenko in Panthers zone.
13:11 of 1st period - Icing by Darroll Powe.
13:12 of 1st period - Darroll Powe wins face-off versus Rich Peverley in Kings zone.
13:28 of 1st period - Shot by Craig Adams.
13:28 of 1st period - Goal by Craig Adams - Kings : 1 - Panthers : 0.
13:29 of 1st period - Matt Duchene wins face-off versus Maxim Lapierre in neutral zone.
13:32 of 1st period - Shot by Michael Frolik.
13:32 of 1st period - Shot Misses the Net.
14:07 of 1st period - Icing by Maxim Lapierre.
14:08 of 1st period - Maxim Lapierre wins face-off versus Darroll Powe in Panthers zone.
14:08 of 1st period - Joel Ward is hit by Craig Adams and loses puck.
14:12 of 1st period - Greg Zanon is hit by Darroll Powe and loses puck.
14:16 of 1st period - Minor Penalty to Bryan Allen for Hooking.
14:17 of 1st period - Anze Kopitar wins face-off versus Craig Adams in Kings zone.
14:55 of 1st period - Shot by Mikael Samuelsson.
14:55 of 1st period - Shot Misses the Net.
14:57 of 1st period - Shot by Brian Rafalski.
14:57 of 1st period - Shot Misses the Net.
15:08 of 1st period - Icing by Steve Downie.
15:09 of 1st period - Sean Bergenheim wins face-off versus Rich Peverley in Panthers zone.
16:21 of 1st period - Shot by Maxim Lapierre.
16:21 of 1st period - Stopped by Nikolai Khabibulin without a rebound.
16:22 of 1st period - Craig Conroy wins face-off versus Maxim Lapierre in Kings zone.
16:22 of 1st period - Craig Conroy is hit by Chad Larose.
16:52 of 1st period - Shot by Chad Larose.
16:52 of 1st period - Stopped by Nikolai Khabibulin with a rebound.
16:54 of 1st period - Shot by Chad Larose.
16:54 of 1st period - Deflect By Joel Ward.
16:54 of 1st period - Shot Misses the Net.
16:58 of 1st period - Shot by Chad Larose.
16:58 of 1st period - Stopped by Nikolai Khabibulin without a rebound.
16:59 of 1st period - Frans Nielsen wins face-off versus Darroll Powe in Kings zone.
17:05 of 1st period - Steve Downie is hit by Kent Huskins and loses puck.
17:08 of 1st period - Shot by Steve Downie.
17:08 of 1st period - Shot Blocked by Bryan Allen.
17:10 of 1st period - Shot by Marc-Andre Bergeron.
17:10 of 1st period - Shot Blocked by Bryan Allen.
17:13 of 1st period - Minor Penalty to Steve Downie for Hooking.
17:14 of 1st period - Darroll Powe wins face-off versus Christopher Higgins in Panthers zone.
17:43 of 1st period - Shot by Darroll Powe.
17:43 of 1st period - Shot Blocked by Brian Rafalski.
19:12 of 1st period - Off-side.
19:13 of 1st period - Rich Peverley wins face-off versus Craig Conroy in neutral zone.
19:16 of 1st period - Mike Lundin is hit by Ryan Smyth and loses puck.

Period #2

0:01 of 2nd period - Matt Duchene wins face-off versus Anze Kopitar in neutral zone.
0:14 of 2nd period - Shot by Michael Frolik.
0:14 of 2nd period - Stopped by Niklas Backstrom with a rebound.
0:32 of 2nd period - Shot by Matt Duchene.
0:32 of 2nd period - Deflect By Michael Frolik.
0:32 of 2nd period - Shot Misses the Net.
0:34 of 2nd period - Shot by Matt Duchene.
0:34 of 2nd period - Goal by Matt Duchene - Kings : 2 - Panthers : 0.
0:35 of 2nd period - Craig Adams wins face-off versus Rich Peverley in neutral zone.
0:44 of 2nd period - Shot by Ethan Moreau.
0:44 of 2nd period - Stopped by Niklas Backstrom without a rebound.
0:45 of 2nd period - Craig Conroy wins face-off versus Steve Downie in Panthers zone.
0:46 of 2nd period - Shot by Ruslan Fedotenko.
0:46 of 2nd period - Stopped by Niklas Backstrom without a rebound.
0:47 of 2nd period - Craig Conroy wins face-off versus Frans Nielsen in Panthers zone.
1:03 of 2nd period - Mike Lundin is hit by Craig Rivet and loses puck.
1:05 of 2nd period - Minor Penalty to Ruslan Fedotenko for Roughing.
1:06 of 2nd period - Anze Kopitar wins face-off versus Craig Adams in Kings zone.
1:07 of 2nd period - Shot by Marc-Andre Bergeron.
1:07 of 2nd period - Goal by Marc-Andre Bergeron - Kings : 2 - Panthers : 1.
1:08 of 2nd period - Rich Peverley wins face-off versus Darroll Powe in neutral zone.
1:19 of 2nd period - Shot by Rich Peverley.
1:19 of 2nd period - Stopped by Nikolai Khabibulin without a rebound.
1:20 of 2nd period - Anze Kopitar wins face-off versus Matt Duchene in Kings zone.
1:20 of 2nd period - Mike Mottau is hit by Martin Skoula and loses puck.
3:31 of 2nd period - Icing by Rich Peverley.
3:32 of 2nd period - Rich Peverley wins face-off versus Sergei Samsonov in Panthers zone.
3:32 of 2nd period - Mikael Samuelsson is hit by Matt Duchene and loses puck.
3:39 of 2nd period - Greg Zanon is hit by Sergei Samsonov and loses puck.
3:53 of 2nd period - Icing by Cory Sarich.
3:54 of 2nd period - Frans Nielsen wins face-off versus Sergei Samsonov in Kings zone.
4:06 of 2nd period - Minor Penalty to Steve Downie for Holding.
4:07 of 2nd period - Matt Duchene wins face-off versus Christopher Higgins in Panthers zone.
4:14 of 2nd period - Shot by Jamie McBain.
4:14 of 2nd period - Stopped by Niklas Backstrom without a rebound.
4:15 of 2nd period - Darroll Powe wins face-off versus Christopher Higgins in Panthers zone.
4:16 of 2nd period - Shot by Ethan Moreau.
4:16 of 2nd period - Shot Misses the Net.
4:18 of 2nd period - Shot by Kent Huskins.
4:18 of 2nd period - Stopped by Niklas Backstrom with a rebound.
4:39 of 2nd period - Kent Huskins is hit by Frans Nielsen.
4:45 of 2nd period - Shot by Ethan Moreau.
4:45 of 2nd period - Deflect By Darroll Powe.
4:45 of 2nd period - Stopped by Niklas Backstrom without a rebound.
4:46 of 2nd period - Christopher Higgins wins face-off versus Matt Duchene in Panthers zone.
5:43 of 2nd period - Sean Bergenheim is hit by Chad Larose and loses puck.
6:41 of 2nd period - Icing by Michael Del Zotto.
6:42 of 2nd period - Craig Conroy wins face-off versus Rich Peverley in Kings zone.
6:42 of 2nd period - Craig Conroy is hit by Mikael Samuelsson.
6:50 of 2nd period - Shot by Mikael Samuelsson.
6:50 of 2nd period - Goal by Mikael Samuelsson - Kings : 2 - Panthers : 2.
6:51 of 2nd period - Anze Kopitar wins face-off versus Craig Adams in neutral zone.
7:12 of 2nd period - Shot by Anze Kopitar.
7:12 of 2nd period - Stopped by Nikolai Khabibulin with a rebound.
7:55 of 2nd period - Minor Penalty to Ryan Smyth for Hooking.
7:56 of 2nd period - Sean Bergenheim wins face-off versus Frans Nielsen in Panthers zone.
8:07 of 2nd period - Shot by Jamie McBain.
8:07 of 2nd period - Goal by Jamie McBain - Kings : 3 - Panthers : 2.
8:08 of 2nd period - Evgeny Artyukhin wins face-off versus Frans Nielsen in neutral zone.
8:11 of 2nd period - Shot by Ruslan Fedotenko.
8:11 of 2nd period - Shot Misses the Net.
8:41 of 2nd period - Christopher Higgins is hit by Michael Del Zotto and loses puck.
8:59 of 2nd period - Minor Penalty to Michael Del Zotto for Holding.
9:00 of 2nd period - Rich Peverley wins face-off versus Matt Duchene in Kings zone.
9:20 of 2nd period - Shot by Matt Duchene.
9:20 of 2nd period - Goal by Matt Duchene - Kings : 4 - Panthers : 2.
9:21 of 2nd period - Matt Duchene wins face-off versus Anze Kopitar in neutral zone.
9:37 of 2nd period - Icing by Anze Kopitar.
9:38 of 2nd period - Matt Duchene wins face-off versus Anze Kopitar in Panthers zone.
10:07 of 2nd period - Kent Huskins is hit by Anze Kopitar and loses puck.
10:08 of 2nd period - Kent Huskins from Kings is injured at 10:08 of 2nd period (Left Leg).
10:09 of 2nd period - Craig Adams wins face-off versus Rich Peverley in Kings zone.
11:16 of 2nd period - Shot by Joel Ward.
11:16 of 2nd period - Shot Misses the Net.
11:24 of 2nd period - Shot by Sergei Samsonov.
11:24 of 2nd period - Stopped by Niklas Backstrom with a rebound.
11:28 of 2nd period - Shot by Matt Duchene.
11:28 of 2nd period - Shot Blocked by Brad Stuart.
11:32 of 2nd period - Shot by Matt Duchene.
11:32 of 2nd period - Stopped by Niklas Backstrom with a rebound.
11:34 of 2nd period - Shot by Matt Duchene.
11:34 of 2nd period - Stopped by Niklas Backstrom without a rebound.
11:35 of 2nd period - Anze Kopitar wins face-off versus Craig Conroy in Panthers zone.
11:43 of 2nd period - Icing by Brian Rafalski.
11:44 of 2nd period - Anze Kopitar wins face-off versus Craig Conroy in Panthers zone.
12:14 of 2nd period - Minor Penalty to Mike Mottau for Interference.
12:15 of 2nd period - Frans Nielsen wins face-off versus Matt Duchene in Panthers zone.
12:38 of 2nd period - Shot by Jamie McBain.
12:38 of 2nd period - Shot Misses the Net.
12:40 of 2nd period - Shot by Michael Frolik.
12:40 of 2nd period - Stopped by Niklas Backstrom with a rebound.
12:42 of 2nd period - Shot by Jamie McBain.
12:42 of 2nd period - Deflect By Michael Frolik.
12:42 of 2nd period - Shot Misses the Net.
14:32 of 2nd period - Shot by Maxim Afinogenov.
14:32 of 2nd period - Shot Misses the Net.
15:08 of 2nd period - Christopher Higgins is hit by Jamie McBain.
15:14 of 2nd period - Shot by Frans Nielsen.
15:14 of 2nd period - Shot Misses the Net.
15:16 of 2nd period - Shot by Christopher Higgins.
15:16 of 2nd period - Shot Misses the Net.
15:53 of 2nd period - Shot by Rich Peverley.
15:53 of 2nd period - Shot Misses the Net.
15:57 of 2nd period - Shot by Mikael Samuelsson.
15:57 of 2nd period - Shot Misses the Net.
15:59 of 2nd period - Shot by Greg Zanon.
15:59 of 2nd period - Stopped by Nikolai Khabibulin without a rebound.
16:00 of 2nd period - Maxim Lapierre wins face-off versus Sergei Samsonov in Kings zone.
16:09 of 2nd period - Jay Pandolfo is hit by Maxim Lapierre and loses puck.
16:17 of 2nd period - Off-side.
16:18 of 2nd period - Darroll Powe wins face-off versus Anze Kopitar in neutral zone.
16:21 of 2nd period - Shot by Darroll Powe.
16:21 of 2nd period - Stopped by Niklas Backstrom with a rebound.
16:23 of 2nd period - Shot by Craig Adams.
16:23 of 2nd period - Stopped by Niklas Backstrom without a rebound.
16:24 of 2nd period - Ethan Moreau wins face-off versus Frans Nielsen in Panthers zone.
16:25 of 2nd period - Shot by Jay Pandolfo.
16:25 of 2nd period - Shot Misses the Net.
16:27 of 2nd period - Shot by Darroll Powe.
16:27 of 2nd period - Deflect By Craig Adams.
16:27 of 2nd period - Stopped by Niklas Backstrom without a rebound.
16:28 of 2nd period - Rich Peverley wins face-off versus Darroll Powe in Panthers zone.
16:43 of 2nd period - Shot by Darroll Powe.
16:43 of 2nd period - Shot Misses the Net.
16:45 of 2nd period - Shot by Craig Adams.
16:45 of 2nd period - Deflect By Ethan Moreau.
16:45 of 2nd period - Shot Misses the Net.
16:47 of 2nd period - Shot by Craig Adams.
16:47 of 2nd period - Stopped by Niklas Backstrom without a rebound.
16:48 of 2nd period - Sergei Samsonov wins face-off versus Christopher Higgins in Panthers zone.
16:49 of 2nd period - Shot by Matt Duchene.
16:49 of 2nd period - Stopped by Niklas Backstrom with a rebound.
16:52 of 2nd period - Icing by Marc-Andre Bergeron.
16:53 of 2nd period - Frans Nielsen wins face-off versus Sergei Samsonov in Panthers zone.
16:55 of 2nd period - Minor Penalty to Jay Pandolfo for Slashing.
16:56 of 2nd period - Sean Bergenheim wins face-off versus Rich Peverley in Kings zone.
17:13 of 2nd period - Shot by Mike Mottau.
17:13 of 2nd period - Shot Misses the Net.
18:06 of 2nd period - Shot by Mikael Samuelsson.
18:06 of 2nd period - Shot Misses the Net.
18:10 of 2nd period - Shot by Anze Kopitar.
18:10 of 2nd period - Deflect By Mikael Samuelsson.
18:10 of 2nd period - Shot Misses the Net.
18:12 of 2nd period - Shot by Anze Kopitar.
18:12 of 2nd period - Stopped by Nikolai Khabibulin without a rebound.
18:13 of 2nd period - Anze Kopitar wins face-off versus Matt Duchene in Kings zone.
18:14 of 2nd period - Shot by Brian Rafalski.
18:14 of 2nd period - Shot Blocked by Jamie McBain.
19:13 of 2nd period - Shot by Ethan Moreau.
19:13 of 2nd period - Shot Blocked by Chad Larose.
19:14 of 2nd period - Minor Penalty to Brad Stuart for Cross-checking.
19:15 of 2nd period - Frans Nielsen wins face-off versus Matt Duchene in Panthers zone.
19:26 of 2nd period - Shot by Mike Lundin.
19:26 of 2nd period - Shot Misses the Net.
19:28 of 2nd period - Shot by Mike Lundin.
19:28 of 2nd period - Stopped by Niklas Backstrom with a rebound.
19:30 of 2nd period - Shot by Mike Lundin.
19:30 of 2nd period - Shot Blocked by Mike Mottau.
19:33 of 2nd period - Minor Penalty to Mike Mottau for Interference.
19:34 of 2nd period - Joel Ward wins face-off versus Darroll Powe in Panthers zone.
19:45 of 2nd period - Shot by Bryan Allen.
19:45 of 2nd period - Goal by Bryan Allen - Kings : 5 - Panthers : 2.
19:45 of 2nd period - Evgeni Nabokov enters game.
19:46 of 2nd period - Darroll Powe wins face-off versus Christopher Higgins in neutral zone.

Period #3

0:01 of 3rd period - Frans Nielsen wins face-off versus Matt Duchene in neutral zone.
1:46 of 3rd period - Anze Kopitar is hit by Jamie McBain.
1:53 of 3rd period - Jamie McBain is hit by Mike Mottau and loses puck.
2:20 of 3rd period - Minor Penalty to Jay Pandolfo for Holding.
2:21 of 3rd period - Matt Duchene wins face-off versus Rich Peverley in Kings zone.
2:21 of 3rd period - Matt Duchene is hit by Steve Downie.
3:14 of 3rd period - Martin Skoula is hit by Mikael Samuelsson.
3:26 of 3rd period - Shot by Anze Kopitar.
3:26 of 3rd period - Stopped by Nikolai Khabibulin without a rebound.
3:27 of 3rd period - Craig Adams wins face-off versus Frans Nielsen in Kings zone.
3:40 of 3rd period - Shot by Ryan Smyth.
3:40 of 3rd period - Shot Misses the Net.
3:42 of 3rd period - Shot by Ryan Smyth.
3:42 of 3rd period - Stopped by Nikolai Khabibulin without a rebound.
3:43 of 3rd period - Rich Peverley wins face-off versus Matt Duchene in Kings zone.
3:46 of 3rd period - Shot by Brad Stuart.
3:46 of 3rd period - Shot Misses the Net.
3:48 of 3rd period - Shot by Mike Mottau.
3:48 of 3rd period - Shot Misses the Net.
3:50 of 3rd period - Shot by Christopher Higgins.
3:50 of 3rd period - Shot Misses the Net.
3:54 of 3rd period - Shot by Rich Peverley.
3:54 of 3rd period - Shot Misses the Net.
3:56 of 3rd period - Shot by Mike Mottau.
3:56 of 3rd period - Shot Misses the Net.
4:00 of 3rd period - Shot by Rich Peverley.
4:00 of 3rd period - Shot Blocked by Craig Conroy.
4:02 of 3rd period - Shot by Mike Mottau.
4:02 of 3rd period - Goal by Mike Mottau - Kings : 5 - Panthers : 3.
4:03 of 3rd period - Maxim Lapierre wins face-off versus Sergei Samsonov in neutral zone.
4:03 of 3rd period - Maxim Lapierre is hit by Sergei Samsonov.
4:07 of 3rd period - Shot by Brad Stuart.
4:07 of 3rd period - Stopped by Nikolai Khabibulin without a rebound.
4:08 of 3rd period - Maxim Lapierre wins face-off versus Darroll Powe in Kings zone.
4:15 of 3rd period - Shot by Chad Larose.
4:15 of 3rd period - Shot Misses the Net.
4:20 of 3rd period - Bryan Allen is hit by Maxim Lapierre and loses puck.
5:44 of 3rd period - Shot by Evgeny Artyukhin.
5:44 of 3rd period - Stopped by Evgeni Nabokov with a rebound.
5:46 of 3rd period - Shot by Evgeny Artyukhin.
5:46 of 3rd period - Stopped by Evgeni Nabokov without a rebound.
5:47 of 3rd period - Maxim Afinogenov wins face-off versus Darroll Powe in Panthers zone.
5:56 of 3rd period - Shot by Anze Kopitar.
5:56 of 3rd period - Shot Misses the Net.
6:35 of 3rd period - Minor Penalty to Mikael Samuelsson for Hooking.
6:36 of 3rd period - Frans Nielsen wins face-off versus Matt Duchene in Panthers zone.
6:53 of 3rd period - Shot by Matt Duchene.
6:53 of 3rd period - Shot Blocked by Brad Stuart.
6:55 of 3rd period - Shot by Jamie McBain.
6:55 of 3rd period - Shot Misses the Net.
8:03 of 3rd period - Shot by Matt Duchene.
8:03 of 3rd period - Shot Blocked by Brian Rafalski.
8:05 of 3rd period - Shot by Craig Conroy.
8:05 of 3rd period - Goal by Craig Conroy - Kings : 6 - Panthers : 3.
8:06 of 3rd period - Jay Pandolfo wins face-off versus Rich Peverley in neutral zone.
8:34 of 3rd period - Shot by Rich Peverley.
8:34 of 3rd period - Stopped by Nikolai Khabibulin without a rebound.
8:35 of 3rd period - Sergei Samsonov wins face-off versus Frans Nielsen in Kings zone.
8:39 of 3rd period - Icing by Matt Duchene.
8:40 of 3rd period - Frans Nielsen wins face-off versus Sergei Samsonov in Kings zone.
8:47 of 3rd period - Shot by Frans Nielsen.
8:47 of 3rd period - Shot Blocked by Cory Sarich.
8:49 of 3rd period - Shot by Frans Nielsen.
8:49 of 3rd period - Shot Misses the Net.
8:51 of 3rd period - Shot by Christopher Higgins.
8:51 of 3rd period - Deflect By Steve Downie.
8:51 of 3rd period - Shot Blocked by Cory Sarich.
8:55 of 3rd period - Shot by Frans Nielsen.
8:55 of 3rd period - Shot Misses the Net.
9:05 of 3rd period - Shot by Christopher Higgins.
9:05 of 3rd period - Stopped by Nikolai Khabibulin without a rebound.
9:06 of 3rd period - Rich Peverley wins face-off versus Darroll Powe in Kings zone.
9:14 of 3rd period - Mikael Samuelsson is hit by Bryan Allen and loses puck.
9:15 of 3rd period - Minor Penalty to Bryan Allen for Cross-checking.
9:16 of 3rd period - Craig Adams wins face-off versus Rich Peverley in Kings zone.
9:32 of 3rd period - Maxim Afinogenov is hit by Michael Del Zotto.
10:28 of 3rd period - Shot by Marc-Andre Bergeron.
10:28 of 3rd period - Shot Blocked by Jamie McBain.
10:35 of 3rd period - Shot by Brian Rafalski.
10:35 of 3rd period - Stopped by Nikolai Khabibulin with a rebound.
11:16 of 3rd period - Icing by Craig Conroy.
11:17 of 3rd period - Maxim Lapierre wins face-off versus Darroll Powe in Kings zone.
11:54 of 3rd period - Joel Ward is hit by Bryan Allen and loses puck.
12:08 of 3rd period - Icing by Joel Ward.
12:09 of 3rd period - Craig Conroy wins face-off versus Maxim Lapierre in Panthers zone.
12:38 of 3rd period - Shot by Evgeny Artyukhin.
12:38 of 3rd period - Shot Misses the Net.
15:10 of 3rd period - Mike Mottau is hit by Darroll Powe and loses puck.
15:29 of 3rd period - Shot by Matt Duchene.
15:29 of 3rd period - Shot Blocked by Mike Mottau.
15:31 of 3rd period - Shot by Michael Frolik.
15:31 of 3rd period - Stopped by Evgeni Nabokov without a rebound.
15:32 of 3rd period - Frans Nielsen wins face-off versus Matt Duchene in Panthers zone.
15:57 of 3rd period - Off-side.
15:58 of 3rd period - Rich Peverley wins face-off versus Craig Adams in neutral zone.
16:28 of 3rd period - Minor Penalty to Anze Kopitar for Hooking.
16:29 of 3rd period - Matt Duchene wins face-off versus Christopher Higgins in Panthers zone.
16:34 of 3rd period - Shot by Jamie McBain.
16:34 of 3rd period - Shot Misses the Net.
16:36 of 3rd period - Shot by Jamie McBain.
16:36 of 3rd period - Goal by Jamie McBain - Kings : 7 - Panthers : 3.
16:37 of 3rd period - Matt Duchene wins face-off versus Rich Peverley in neutral zone.
16:59 of 3rd period - Minor Penalty to Martin Skoula for Slashing.
17:00 of 3rd period - Craig Adams wins face-off versus Rich Peverley in Kings zone.
17:08 of 3rd period - Icing by Maxim Afinogenov.
17:09 of 3rd period - Rich Peverley wins face-off versus Craig Adams in Panthers zone.
17:40 of 3rd period - Shot by Anze Kopitar.
17:40 of 3rd period - Deflect By Mikael Samuelsson.
17:40 of 3rd period - Shot Misses the Net.
17:42 of 3rd period - Shot by Brian Rafalski.
17:42 of 3rd period - Stopped by Nikolai Khabibulin without a rebound.
17:43 of 3rd period - Matt Duchene wins face-off versus Ryan Smyth in Kings zone.
18:32 of 3rd period - Shot by Maxim Afinogenov.
18:32 of 3rd period - Stopped by Nikolai Khabibulin with a rebound.
19:27 of 3rd period - Icing by Martin Skoula.
19:28 of 3rd period - Sergei Samsonov wins face-off versus Frans Nielsen in Kings zone.
19:41 of 3rd period - Shot by Marc-Andre Bergeron.
19:41 of 3rd period - Stopped by Nikolai Khabibulin without a rebound.
19:42 of 3rd period - Craig Conroy wins face-off versus Maxim Afinogenov in Kings zone.


Output by the SimonT Hockey Simulator (STHS) for Stephane Roy -- Original Page W3C XHTML 1.0 Valid